 Dungeon Crawl Stone Soup version 0.20.1-1-g8b1a95d (webtiles) character file.

164 letownia2 the Grave Robber (level 5, -1/42 HPs)
             Began as a Deep Dwarf Necromancer on Nov 7, 2017.
             Killed from afar by an orc wizard (7 damage)
             ... with a magic dart
             ... on level 4 of the Dungeon.
             The game lasted 00:04:30 (1890 turns).

letownia2 the Grave Robber (Deep Dwarf Necromancer) Turns: 1890, Time: 00:04:31

Health: -1/42      AC:  5    Str: 11    XL:     5   Next: 21%
Magic:  0/8        EV: 11    Int: 17    God:
Gold:   38         SH:  0    Dex: 13    Spells: 4/8 levels left

rFire    . . .     SeeInvis .   m - +0 dagger
rCold    . . .     Gourm    .   (no shield)
rNeg     . . .     Faith    .   i - +0 ring mail
rPois    .         Spirit   .   (no helmet)
rElec    .         Reflect  .   (no cloak)
rCorr    .         Harm     .   (no gloves)
MR       .....                  (no boots)
Stlth    +.........             (no amulet)
Regen    0.0/turn               (no ring)
MPRegen  0.2/turn               (no ring)

@: very slightly contaminated, non-regenerating
A: damage resistance, heal wounds, sense surroundings 1, no regeneration
a: Heal Wounds


You were on level 4 of the Dungeon.
You were not hungry.

You visited 1 branch of the dungeon, and saw 4 of its levels.

You collected 38 gold pieces.

Inventory:

Hand Weapons
 e - a +0 dagger
 j - a +0 hand axe
 m - a +0 dagger (weapon)
 q - a +0 hand axe
Armour
 i - a +0 ring mail (worn)
Scrolls
 a - a scroll of enchant weapon {unknown}
 d - a scroll of noise {unknown}
 f - a scroll of magic mapping {unknown}
 h - a scroll of teleportation {unknown}
 n - a scroll of fog {unknown}
 p - a scroll of immolation {unknown}
Potions
 k - a potion of curing {unknown}
 l - a potion of brilliance {unknown}
Books
 b - a book of Necromancy

   Spells                             Type                      Level
   a - Pain                           Necromancy                   1
   b - Animate Skeleton               Necromancy                   1
   c - Vampiric Draining              Necromancy                   3
   d - Regeneration                   Charms/Necromancy            3
   e - Animate Dead                   Necromancy                   4
   f - Control Undead                 Necromancy                   4
Comestibles
 c - a bread ration
 g - a meat ration
 o - 5 chunks of flesh


   Skills:
 + Level 0.9 Armour
 - Level 2.1 Dodging
 - Level 2.4 Stealth
 + Level 2.2 Spellcasting
 - Level 6.8 Necromancy


You had 4 spell levels left.
You knew the following spells:

 Your Spells              Type           Power        Failure   Level  Hunger
a - Pain                  Necr           ####         2%          1    #......
v - Vampiric Draining     Necr           ####......   9%          3    ###....


Dungeon Overview and Level Annotations

Branches:
Dungeon (4/15)
 Temple: D:4-7

Altars:
Dithmenos
Okawaru
Yredelemnul


Innate Abilities, Weirdness & Mutations

You are resistant to damage.
You can heal yourself by infusing magical energy.
You passively map a small area around you.
You do not regenerate.


Message History

The orc priest looks satisfied for a moment.
Casting: Vampiric Draining
Confirm with . or Enter, or press ? or * to list all spells.
Aiming: Vampiric Draining
Press: ? - help, Shift-Dir - straight line You feel life coursing into your body.
Something hits you.
* * * LOW HITPOINT WARNING * * *
Unknown command.
You hit something but do no damage. Something hits you but does no damage.
You miss something. Something hits you.
The orc priest calls down the wrath of Beogh upon you.
Pain shoots through your body!
* * * LOW HITPOINT WARNING * * *
You miss something. Something hits you. The orc priest hits you with a club.
Unknown command.
You hit something but do no damage.
You hear some strange, mumbled words.
A magic dart appears from out of thin air!
The magic dart hits you!
You die...

#.# ###.###### .........#
#.######.########### #.#
#...........#### ### #.#
#.####..#.#..... ..# #.# #.#
#.......# * **#.# #.# #.#
#..#.#.## #.# #.# #.# ##.{@..#
#.# #.# #.# ###o### #.# #.# #.#
#.# ######.#### #.# #. #.# *
*#$.....<... #.######.####
*#.##......###.####
..............##.##.#.#.#.##Z#
**
..............##.#*..........#
########.#.#b.........#.#.####*
##.## ,# ... ###.#...## ,


You could see an orc priest.

Vanquished Creatures
  A howler monkey (D:3)
  An orc priest (D:4)
  An iguana (D:4)
  A worker ant (D:4)
  3 oozes (D:3)
  2 dart slugs (D:2)
  2 leopard geckos
  2 orcs (D:4)
  A bat (D:1)
  4 goblins
  4 hobgoblins
  A quokka (D:3)
  A ball python (D:3)
  A frilled lizard (D:2)
  2 kobolds
  4 rats
31 creatures vanquished.

Notes
Turn   | Place    | Note
-------+----------+-------------------------------------------
     0 | D:1      | letownia2 the Deep Dwarf Necromancer began the quest for the Orb.
     0 | D:1      | Reached XP level 1. HP: 15/15 MP: 3/3
   288 | D:1      | Reached XP level 2. HP: 16/22 MP: 0/5
   425 | D:2      | HP: 1/22 [dart slug/slug dart (2)]
   545 | D:3      | Reached skill level 5 in Necromancy
   553 | D:3      | Found an iron altar of Okawaru.
   555 | D:3      | Found a shadowy altar of Dithmenos.
   805 | D:3      | Reached XP level 3. HP: 1/28 MP: 1/6
   810 | D:3      | Learned a level 3 spell: Vampiric Draining
   889 | D:3      | Found a basalt altar of Yredelemnul.
  1272 | D:3      | Reached skill level 6 in Necromancy
  1272 | D:3      | Reached XP level 4. HP: 14/36 MP: 0/7
  1530 | D:4      | Reached XP level 5. HP: 11/42 MP: 0/8
  1890 | D:4      | Killed from afar by an orc wizard

Skill      XL: |  1  2  3 |
---------------+----------+-----
Spellcasting   | 2 |  2.2
Necromancy     | 5 6 |  6.8
Armour         | |  0.9
Dodging        | |  2.1
Stealth        | |  2.4

Action                   |  1- 3 |  4- 6 || total
-------------------------+-------+-------++-------
Melee: Unarmed           |     2 |     1 ||     3
       Dagger            |       |    17 ||    17
 Cast: Pain              |    55 |    13 ||    68
       Vampiric Draining |     5 |     7 ||    12
  Eat: Chunk             |     2 |     4 ||     6
Armor: Robe              |    15 |       ||    15
       Ring mail         |    12 |     9 ||    21
Dodge: Dodged            |    39 |    18 ||    57
